 Dungeon Crawl Stone Soup version 0.28-a0-1206-g193881aaa2 (webtiles) character file.

Game seed: 1662131779698844752

4062 emnemthenerd the Carver (level 10, -5/132 HPs)
             Began as a Minotaur Berserker on Dec 20, 2021.
             Was an Elder of Trog.
             Slain by a nine-headed hydra (12 damage)
             ... on level 8 of the Dungeon.
             The game lasted 00:22:55 (9010 turns).

emnemthenerd the Carver (Minotaur Berserker)        Turns: 9010, Time: 00:22:55

Health: -5/132     AC: 17    Str: 23    XL:     10   Next: 5%
Magic:  9/9        EV:  9    Int:  6    God:    Trog [****..]
Gold:   290        SH:  5    Dex: 11    Spells: 9/9 levels left

rFire   . . .      SeeInvis .   F - +4 battleaxe (freeze)
rCold   . . .      Faith    .   (shield currently unavailable)
rNeg    . . .      Spirit   .   g - +0 chain mail
rPois   .          Reflect  +   (helmet restricted)
rElec   .          Harm     .   (no cloak)
rCorr   .          Rampage  .   f - +0 pair of gloves
Will    .....                   (no boots)
Stlth   ..........              B - amulet of reflection
HPRegen 0.32/turn               k - +4 ring of protection
MPRegen 0.11/turn               (no ring)

@: berserking (expiring), very quick
A: horns 2, retaliatory headbutt
a: Renounce Religion, Berserk, Trog's Hand, Brothers in Arms


You were on level 8 of the Dungeon.
You worshipped Trog.
Trog was greatly pleased with you.
You visited 1 branch of the dungeon, and saw 8 of its levels.

You collected 290 gold pieces.

Inventory:

Hand Weapons
 a - a +0 falchion
 r - a +2 mace of holy wrath
 s - a +2 quarterstaff of chaos
 F - a +4 battleaxe of freezing (weapon)
Missiles
 d - 6 throwing nets
Armour
 b - a +0 animal skin
 f - a +0 pair of gloves (worn)
 g - a +0 chain mail (worn)
 i - a +0 ring mail
 t - a +2 cloak
 y - a +0 helmet
 E - a +0 kite shield
 G - a +0 robe
Jewellery
 k - a +4 ring of protection (left hand)
 u - a ring of protection from fire
 B - an amulet of reflection (around neck)
Wands
 q - a wand of acid (6)
 C - a wand of iceblast (18)
 D - a wand of flame (20)
 H - a wand of charming (6)
Scrolls
 c - 9 scrolls of identify (quivered) {unknown}
 m - 3 scrolls of magic mapping {unknown}
 o - a scroll of fog {unknown}
 w - a scroll of blinking {unknown}
 z - a scroll of enchant weapon {unknown}
 A - a scroll of enchant armour {unknown}
 I - a scroll of amnesia {unknown}
Potions
 e - 2 potions of berserk rage {unknown}
 h - 2 potions of brilliance {unknown}
 j - 7 potions of curing {unknown}
 l - a potion of attraction {unknown}
 n - 3 potions of mutation {unknown}
 p - 3 potions of ambrosia {unknown}
 v - a potion of might {unknown}
 x - a potion of degeneration {unknown}


   Skills:
 + Level 8.0 Fighting
 + Level 11.3 Long Blades
 + Level 0.4 Axes
 + Level 9.8 Armour
 + Level 4.1 Dodging
 + Level 1.4 Stealth
 + Level 4.9 Shields


You had 9 spell levels left.
You didn't know any spells.
Your spell library was empty.

Dungeon Overview and Level Annotations

Branches:
Dungeon (8/15)             Temple (0/1) D:4
   Lair: D:8-11

Altars:
Ashenzari
Elyvilon
Fedhas
Hepliaklqana
Kikubaaqudgha
Sif Muna
Xom
Yredelemnul


Innate Abilities, Weirdness & Mutations

You have a pair of horns on your head.
You reflexively headbutt those who attack you in melee.


Message History

You block the seven-headed hydra's attack.
The seven-headed hydra closely misses you.
The seven-headed hydra bites you! x2
* * * LOW HITPOINT WARNING * * *
The seven-headed hydra bites you but does no damage.
You are too injured to fight recklessly!
A red film seems to cover your vision as you go berserk!
You feel yourself moving faster!
You feel mighty!
You are too injured to fight recklessly!
You are too injured to fight recklessly!
You slice one of the seven-headed hydra's heads off!
The six-headed hydra grows two more!
You slash the eight-headed hydra! You freeze the eight-headed hydra.
Your headbutt misses the eight-headed hydra.
The eight-headed hydra is severely wounded.
The eight-headed hydra bites you but does no damage.
The eight-headed hydra bites you.
* * * LOW HITPOINT WARNING * * *
You block the eight-headed hydra's attack.
The eight-headed hydra barely misses you.
The eight-headed hydra bites you.
* * * LOW HITPOINT WARNING * * *
You block the eight-headed hydra's attack.
The eight-headed hydra barely misses you.
The eight-headed hydra closely misses you.
You slice one of the eight-headed hydra's heads off!
The seven-headed hydra grows two more!
You slice the nine-headed hydra!! You freeze the nine-headed hydra.
The nine-headed hydra is severely wounded.
The nine-headed hydra closely misses you.
The nine-headed hydra bites you but does no damage. x2
The nine-headed hydra bites you!
* * * LOW HITPOINT WARNING * * *
The nine-headed hydra closely misses you.
The nine-headed hydra bites you but does no damage.
The nine-headed hydra bites you.
* * * LOW HITPOINT WARNING * * *
The nine-headed hydra barely misses you.
The nine-headed hydra bites you!
You die...

.#.#.#.>###..##.......# #.##
.#.#.#...##..##.......# #..#
.#.#............>....######.#
...#.#...............#....#.#
.............#########.88.#.#
.###.#..###..###.).)##.88.#.#
## #.#†.# #..#..####.#....'.#
###.#..###..#..####.#)######
..#.##......###@.##)#..#
.#.#.##......# #D.##.#..##
.#.# #.###..# .###.####.#
.#.# #.# #..#..###.# #)#
.#.####.###..###(D#.# #.#
.#.............#(K#.####.#
.#..###........#####....##
.#..###.######.# ######
........##


You could see a nine-headed hydra (slow).

Vanquished Creatures
  Pikel (D:6)
  Grinder (D:5)
  Sigmund (D:2)
  A wyvern (D:7)
  4 vampire mosquitoes (D:7)
  Edmund (D:6)
  3 water moccasins
  An orc warrior (D:7)
  An ice beast (D:6)
  2 sky beasts
  An ogre (D:6)
  3 centaurs
  A phantom (D:6)
  A lemure (D:6)
  2 bullfrogs
  A kobold brigand (D:8)
  A gnoll sergeant (D:5)
  A scorpion (D:4)
  A wyvern zombie (D:7)
  9 wights
  A bullfrog zombie (D:6)
  3 hounds
  A jelly (D:4)
  Crazy Yiuf (D:3)
  4 orc priests
  A gnoll shaman (D:5)
  2 iguanas
  An orc wizard (D:4)
  Robin (D:3)
  7 gnolls
  2 howler monkey skeletons
  6 adders
  2 white imps (D:7)
  2 ufetubi (D:6)
  4 dart slugs
  4 worms
  11 orcs
  2 bat skeletons (D:6)
  2 bat zombies (D:6)
  4 endoplasms
  3 giant cockroaches
  16 goblins
  8 hobgoblins
  2 jackals (D:1)
  5 quokkas
  5 ball pythons
  2 bats (D:3)
  6 frilled lizards
  2 kobolds
  8 rats
155 creatures vanquished.

Vanquished Creatures (others)
  4 plants (D:5)
4 creatures vanquished.

Grand Total: 159 creatures vanquished

Notes
Turn   | Place    | Note
-------+----------+-------------------------------------------
     0 | D:1      | emnemthenerd the Minotaur Berserker began the quest for the
                  | Orb.
     0 | D:1      | Reached XP level 1. HP: 19/19 MP: 0/0
   414 | D:1      | Reached skill level 4 in Long Blades
   439 | D:1      | Reached XP level 2. HP: 27/27 MP: 1/1
  1358 | D:2      | Reached XP level 3. HP: 33/33 MP: 2/2
  1529 | D:2      | Noticed Sigmund
  1540 | D:2      | Killed Sigmund
  1541 | D:2      | Reached skill level 5 in Fighting
  1541 | D:2      | Reached skill level 5 in Long Blades
  1541 | D:2      | Reached XP level 4. HP: 39/42 MP: 3/3
  1541 | D:2      | Reached XP level 5. HP: 45/48 MP: 4/4
  1616 | D:2      | Reached ** piety under Trog
  1634 | D:2      | Reached skill level 1 in Stealth
  2116 | D:2      | Found a faded altar of an unknown god.
  2603 | D:3      | Noticed Robin
  2607 | D:3      | Killed Robin
  3095 | D:3      | Found a runed translucent door.
  3107 | D:3      | Noticed Crazy Yiuf
  3183 | D:3      | Killed Crazy Yiuf
  3184 | D:3      | Reached XP level 6. HP: 52/56 MP: 5/5
  3697 | D:4      | Reached skill level 6 in Long Blades
  4234 | D:4      | Found a basalt altar of Yredelemnul.
  4381 | D:4      | Found a staircase to the Ecumenical Temple.
  4696 | D:5      | Entered Level 5 of the Dungeon
  4714 | D:5      | Reached XP level 7. HP: 61/61 MP: 6/6
  4722 | D:5      | Reached skill level 5 in Armour
  4726 | D:5      | Reached *** piety under Trog
  4897 | D:5      | Reached skill level 7 in Long Blades
  4938 | D:5      | Noticed Grinder
  4954 | D:5      | Killed Grinder
  5070 | D:5      | Found a glowing drain.
  5225 | D:5      | Found a shimmering blue altar of Sif Muna.
  5226 | D:5      | Found a shimmering altar of Xom.
  5456 | D:5      | Reached XP level 8. HP: 54/70 MP: 7/7
  6207 | D:6      | Noticed Pikel
  6220 | D:6      | Killed Pikel
  6221 | D:6      | Reached skill level 9 in Long Blades
  6249 | D:6      | Reached skill level 1 in Shields
  6259 | D:6      | Noticed Edmund
  6274 | D:6      | Killed Edmund
  6308 | D:6      | Reached XP level 9. HP: 55/78 MP: 8/8
  6549 | D:6      | Found a blossoming altar of Fedhas.
  6551 | D:6      | Found a hazy altar of Hepliaklqana.
  6803 | D:6      | Reached skill level 10 in Long Blades
  6960 | D:6      | Found an ancient bone altar of Kikubaaqudgha.
  7699 | D:7      | Found a broken altar of Ashenzari.
  7853 | D:7      | Reached **** piety under Trog
  8279 | D:7      | Reached skill level 11 in Long Blades
  8595 | D:7      | Found a white marble altar of Elyvilon.
  8943 | D:8      | Reached XP level 10. HP: 88/88 MP: 9/9
  8950 | D:8      | Noticed a five-headed hydra
  9010 | D:8      | Slain by a nine-headed hydra

Illustrated notes

Levels and vault maps discovered:
D:1:      nzn_arrival_crosshair, layout_basic, serial_aquarium,
          aquarium_bridge_square [aquarium_subvault_wall,
          aquarium_subvault_bridge, aquarium_subvault_window,
          aquarium_subvault_balcony], aquarium_window_corridor_3,
          aquarium_window_2, aquarium_window_1, aquarium_window_corner,
          aquarium_view_2f, aquarium_view_2b, aquarium_balcony_1b,
          aquarium_pool_2
D:2:      layout_basic, shapermc_ecumenical_altar_mp_vishouse, uniq_sigmund
D:3:      wander_river, layout_basic, minmay_close_crescents, uniq_robin,
          uniq_crazy_yiuf_cottage
D:4:      layout_cave_pools, yredelemnul_altar_generic,
          minmay_temple_entry_from_below_a
D:5:      layout_layer_cave, mainiacjoe_overflow_divided_tiny,
          cheibrodos_sewer_entry_drain, serial_glass, glass_columns_a,
          glass_columns_a, nicolae_grassy_gnolls, uniq_grinder
D:6:      layout_rooms, kennysheep_vampire_church,
          chequers_temple_overflow_statue_of_worship, uniq_pikel, uniq_edmund
D:7:      layout_cave_pools, lemuel_round_altar, lemuel_doored_altar,
          hangedman_abyss_or_decor_jellyfish_corner
D:8:      minmay_chambers_of_fours, layout_basic,
          gammafunk_temple_overflow_arena, nicolae_wu_jian_wuxing_cycle

Skill      XL: |  1  2  3  4  5  6  7  8  9 |
---------------+----------------------------+-----
Long Blades    | 4 5 6 7 9 11 | 11.3
Fighting       | 4 5 6 8 |  8.0
Armour         | 3 4 6 8 9 |  9.8
Dodging        | 3 4 |  4.1
Stealth        | 1 |  1.4
Shields        | 1 4 |  4.9
Axes           | |  0.4

Action                   |  1- 3 |  4- 6 |  7- 9 | 10-12 || total
-------------------------+-------+-------+-------+-------++-------
Melee: Falchion          |    65 |   133 |   271 |       ||   469
       Headbutt          |     6 |    25 |    54 |     2 ||    87
       Battleaxe         |       |       |     8 |    11 ||    19
Invok: Berserk           |       |     3 |     4 |     1 ||     8
  Use: Potion            |       |       |     1 |       ||     1
 Stab: Sleeping          |     1 |       |       |       ||     1
Armor: Animal skin       |     2 |       |       |       ||     2
       Chain mail        |    23 |    88 |   149 |    22 ||   282
       Skin              |     3 |       |       |       ||     3
Dodge: Dodged            |    28 |    64 |   100 |    12 ||   204
Block: Other             |       |       |    59 |     8 ||    67
       Reflection        |       |       |     3 |       ||     3

Table legend: (Time is in decaauts)
 A = Elapsed time spent in this place.
 B = Non-inter-level travel time spent in this place.
 C = Inter-level travel time spent in this place.
 D = Time resting spent in this place.
 E = Time spent auto-exploring this place.
 F = Levels seen in this place.
 G = Mean time per level.
                   A        B        C        D        E       F      G
               +--------+--------+--------+--------+--------+-----+--------+
         Total |   9043 |   8232 |    811 |   1465 |   5798 |   8 | 1130.4 |
       Dungeon |   9043 |   8232 |    811 |   1465 |   5798 |   8 | 1130.4 |
               +--------+--------+--------+--------+--------+-----+--------+

Top non-repeatable levels by time:
     D:7: 1545 daAuts
     D:5: 1525 daAuts
     D:2: 1330 daAuts
     D:1: 1198 daAuts
     D:3: 1176 daAuts
     D:4: 1016 daAuts
     D:6: 879 daAuts
     D:8: 370 daAuts
